 Dungeon Crawl Stone Soup version 0.31-a0-640-g39d97e502b (webtiles) character file.

Game seed: 7500890167624248831

1778 qw the Skirmisher (level 9, 0/56 HPs)
             Began as a Gargoyle Hunter on Aug 27, 2023.
             Was an Initiate of Okawaru.
             Slain by Duvessa
             ... wielding a +2 short sword of speed
              (8 damage)
             ... on level 7 of the Dungeon.
             The game lasted 00:03:07 (6168 turns).

qw the Skirmisher (Gargoyle Hunter)                 Turns: 6168, Time: 00:03:08

Health: 0/56       AC: 17    Str: 15    XL:     9   Next: 8%
Magic:  9/9        EV: 11    Int: 10    God:    Okawaru [......]
Gold:   54         SH:  0    Dex: 17    Spells: 8/8 levels left

rFire   . . .        o - +0 orcbow
rCold   + . .        (shield currently unavailable)
rNeg    + . .        f - +0 ring mail
rPois   inf          b - +0 helmet
rElec   +            q - +0 cloak
rCorr   .            j - +2 pair of gloves
SInv    .            (no boots)
Will    .....        (no amulet)
Stlth   +            i - ring of protection from cold
HPRegen 0.29/turn    (no ring)
MPRegen 0.11/turn

%: no passive effects
@: about to teleport
A: sickness immunity, AC +6, negative energy resistance 1, electricity
resistance, torment resistance 1, petrification resistance
a: Renounce Religion


You were on level 7 of the Dungeon.
You worshipped Okawaru.
Okawaru was noncommittal.
You visited 2 branches of the dungeon, and saw 8 of its levels.
You also visited: Ossuary.

You collected 333 gold pieces.
You spent 279 gold pieces at shops.


Innate Abilities, Weirdness & Mutations

You are immune to sickness and miasma.
Your stone body is resilient. (AC +6)
You are immune to poison.
You resist negative energy. (rN+)
You are resistant to electric shocks. (rElec)
You are resistant to unholy torment.
You are immune to petrification.


   Skills:
 - Level 6.5 Fighting
 + Level 9.9 Ranged Weapons
 - Level 3.6 Armour
 - Level 2.3 Dodging
 - Level 1.1 Stealth


You had 8 spell levels left.
You didn't know any spells.
Your spell library was empty.

Inventory:

Hand Weapons
 o - a +0 orcbow (weapon)
Armour
 b - a +0 helmet (worn)
 f - a +0 ring mail (worn)
 j - a +2 pair of gloves (worn)
 q - a +0 cloak (worn)
Jewellery
 i - a ring of protection from cold (left hand)
Scrolls
 m - a scroll of identify
Potions
 a - a potion of haste
 c - 3 potions of resistance
 d - 3 potions of enlightenment
 e - 7 potions of curing
 h - 2 potions of might
 k - a potion of cancellation
 l - a potion of mutation

Dungeon Overview and Level Annotations

Branches:
Dungeon (7/15)             Temple (1/1) D:7         Ossuary (visited)

Altars:
Ashenzari
Elyvilon
Fedhas
Makhleb
Nemelex Xobeh
Okawaru
Ru
Sif Muna
Vehumet
Wu Jian
Xom

Shops:
D:3 ?   D:4 (   D:6 *?

Annotations:
D:6 1 runed translucent door, Crazy Yiuf, Jeremiah
D:7 Dowan, Duvessa


Message History

You shoot an arrow. The arrow hits Duvessa!
Duvessa is almost dead.
Dowan casts a spell at Duvessa.
Duvessa seems to speed up.
Duvessa says, "My weaknesses are his strengths!"
Duvessa hits you with a +2 short sword of speed.
You shoot an arrow.
The arrow hits Duvessa but does no damage.
Duvessa is almost dead.
Duvessa hits you but does no damage. x2; Dowan barely misses you.
Duvessa says, "When magic and the sword combine, nothing stands against them."
Duvessa hits you but does no damage.
You shoot an arrow. The arrow barely misses Duvessa.
Duvessa hits you with a +2 short sword of speed.
Dowan hits you but does no damage.
Duvessa hits you with a +2 short sword of speed.
Dowan hits you with a +0 dagger.
You shoot an arrow.
The arrow hits Duvessa but does no damage.
Duvessa is almost dead.
Duvessa hits you with a +2 short sword of speed!
Duvessa says, "When magic and the sword combine, nothing stands against them."
Duvessa barely misses you. Duvessa closely misses you.
Dowan gestures at you while chanting.
You easily resist.
You shoot an arrow.
The arrow hits Duvessa but does no damage.
Duvessa is almost dead.
Duvessa hits you with a +2 short sword of speed. x2
Dowan gestures at you while chanting.
The puff of frost hits you but does no damage.
You shoot an arrow. The arrow closely misses Duvessa.
Duvessa hits you with a +2 short sword of speed!
Duvessa hits you but does no damage. Dowan closely misses you.
Duvessa hits you but does no damage.
6168 ||| READING scroll of teleportation.
As you read the scroll of teleportation, it crumbles to dust.
You feel strangely unstable.
Duvessa hits you with a +2 short sword of speed!
You die...

#.#.../Y.#
.........######
#.#..:.........
...............
#..............
#..............
.........e..... ....##
.......e############.....
.......e@......#...#.....
........#......#...#.....
........#......+...+.....
........#......#.........
........#......#...}8....
........####..##.........
##+##.... #..##.>.}8....
#.... #.............
#.......}8....


You could see Duvessa (fast) and Dowan.

Vanquished Creatures
  Grinder (D:6)
  Prince Ribbit (D:5)
  Sigmund (D:6)
  Edmund (D:6)
  2 water moccasins
  A centaur (D:6)
  4 wights (D:5)
  A howler monkey (D:3)
  A jelly (D:6)
  2 orc priests
  2 hounds
  A gnoll bouda (D:4)
  2 iguanas (D:6)
  A sleepcap (D:6)
  An orc wizard (D:6)
  4 mummies (Ossuary)
  6 gnolls
  7 adders
  A white imp (D:5)
  2 ufetubi
  2 adder zombies (Ossuary)
  3 worms
  3 dart slugs
  18 orcs
  2 bats
  6 endoplasms
  5 giant cockroaches
  A gnoll zombie (Ossuary)
  3 goblins
  10 hobgoblins
  3 jackals (D:3)
  2 quokkas
  5 ball pythons
  2 frilled lizards (D:1)
  3 goblin zombies (Ossuary)
  A jackal zombie (Ossuary)
  8 kobolds
  2 kobold zombies (Ossuary)
  2 orc zombies (Ossuary)
  3 rats
  A rat zombie (Ossuary)
127 creatures vanquished.

Notes
Turn   | Place    | Note
-------+----------+-------------------------------------------
     0 | D:1      | qw the Gargoyle Hunter began the quest for the Orb.
     0 | D:1      | Reached XP level 1. HP: 12/12 MP: 1/1
     0 | D:1      | 0 ||| qw: Version: 0.3-a-74-g0d5e918
     0 | D:1      | 0 ||| qw: Game counter: 42
     0 | D:1      | 0 ||| qw: Melee chars always use a shield: true
     0 | D:1      | 0 ||| qw: God list: Okawaru
     0 | D:1      | 0 ||| qw: Allow faded altars: false
     0 | D:1      | 0 ||| qw: Do Orc after clearing Dungeon:15 true
     0 | D:1      | 0 ||| qw: Do second Lair branch before Depths: true
     0 | D:1      | 0 ||| qw: Lair rune preference: random
     0 | D:1      | 0 ||| qw: Goals: Normal
     0 | D:1      | 0 ||| PLANNING D:1-11
   115 | D:1      | Reached XP level 2. HP: 17/17 MP: 2/2
   292 | D:1      | 292 ||| UPGRADING to +0 ring mail.
   302 | D:1      | 302 ||| DROPPING +0 leather armour.
   303 | D:1      | 303 ||| READING scroll labelled GEAHYROSHO.
   307 | D:1      | 307 ||| READING scroll labelled QEFOLIUZXY.
   308 | D:1      | 308 ||| DROPPING scroll of butterflies.
   450 | D:2      | Reached XP level 3. HP: 21/21 MP: 3/3
   470 | D:2      | Reached skill level 1 in Armour
   476 | D:2      | Reached skill level 5 in Ranged Weapons
   964 | D:2      | Reached XP level 4. HP: 25/27 MP: 4/4
  1006 | D:2      | Reached skill level 3 in Fighting
  1105 | D:2      | 1105 ||| UPGRADING to +0 helmet.
  1110 | D:2      | 1110 ||| UPGRADING to +0 pair of gloves.
  1115 | D:2      | 1115 ||| READING scroll labelled QEMUUXZEFEJ.
  1116 | D:2      | 1116 ||| READING 3 scrolls labelled XATYQYJ QONIRPHACH.
  1117 | D:2      | 1117 ||| READING scroll labelled UMUVAO LUAK.
  1118 | D:2      | 1118 ||| READING scroll labelled ELUTHIBBURGHA JIPUL.
  1119 | D:2      | 1119 ||| DRINKING 4 red potions.
  1120 | D:2      | 1120 ||| DROPPING 2 scrolls of revelation.
  1278 | D:3      | Found a radiant altar of Vehumet.
  1568 | D:3      | Found Aroc's Magic Scroll Shop.
  1574 | D:3      | 1574 ||| BUYING scroll of enchant weapon (105 gold).
  1574 | D:3      | Bought a scroll of enchant weapon for 105 gold pieces
  1574 | D:3      | 1574 ||| BUYING scroll of identify (28 gold).
  1574 | D:3      | Bought a scroll of identify for 28 gold pieces
  1574 | D:3      | 1574 ||| SHOPLISTING scroll of identify (28 gold, have 10).
  1574 | D:3      | 1574 ||| SHOPLISTING scroll of teleportation (42 gold, have
                  | 10).
  1574 | D:3      | 1574 ||| READING scroll of enchant weapon.
  1574 | D:3      | 1574 ||| ENCHANTING +0 shortbow.
  1733 | D:3      | 1733 ||| UPGRADING to ring of protection from cold.
  1734 | D:3      | 1734 ||| READING scroll labelled VUROWO VORIKO.
  1735 | D:3      | 1735 ||| READING scroll labelled ATYNURCH KAORI.
  1736 | D:3      | 1736 ||| READING 3 scrolls of identify.
  1736 | D:3      | 1736 ||| IDENTIFYING bubbling grey potion
  1737 | D:3      | 1737 ||| READING 2 scrolls of identify.
  1737 | D:3      | 1737 ||| IDENTIFYING yellow potion
  1747 | D:4      | Found Waudwufe's Antique Weapon Boutique.
  1754 | D:4      | 1754 ||| STAIRDANCE
  1762 | D:3      | Reached XP level 5. HP: 30/32 MP: 5/5
  1777 | D:4      | 1777 ||| STAIRDANCE
  1870 | D:4      | 1870 ||| STAIRDANCE
  1881 | D:3      | Reached skill level 6 in Ranged Weapons
  1986 | D:4      | 1986 ||| SHOPLISTING glowing sling (99 gold, have 10).
  1986 | D:4      | 1986 ||| SHOPLISTING runed sling (99 gold, have 10).
  2153 | D:4      | Reached XP level 6. HP: 32/38 MP: 6/6
  2434 | D:4      | Found an ornate altar of the Wu Jian Council.
  2466 | D:4      | 2466 ||| Stepping ~*~*~tactically~*~*~ (outnumbered).
  2468 | D:4      | 2468 ||| Stepping ~*~*~tactically~*~*~ (outnumbered).
  2893 | D:4      | 2893 ||| READING 3 scrolls labelled VIGAADOYSK.
  2894 | D:4      | 2894 ||| READING 2 scrolls of identify.
  2894 | D:4      | 2894 ||| IDENTIFYING bubbling orange potion
  2895 | D:4      | 2895 ||| DROPPING potion of berserk rage.
  2896 | D:4      | 2896 ||| DROPPING 2 scrolls of noise.
  2940 | D:5      | Entered Level 5 of the Dungeon
  2941 | D:5      | 2941 ||| PLANNING OSSUARY
  3047 | D:5      | Reached skill level 7 in Ranged Weapons
  3078 | D:5      | HP: 4/38 [wight/+4 halberd (10)]
  3079 | D:5      | 3079 ||| READING scroll of teleportation.
  3081 | D:5      | Reached XP level 7. HP: 5/43 MP: 7/7
  3311 | D:5      | Noticed Prince Ribbit
  3321 | D:5      | HP: 1/43 [Prince Ribbit (14)]
  3322 | D:5      | 3322 ||| READING scroll of teleportation.
  3478 | D:5      | Killed Prince Ribbit
  3479 | D:5      | Reached skill level 8 in Ranged Weapons
  3481 | D:5      | Found a sand-covered staircase.
  3482 | D:5      | 3482 ||| READING scroll labelled DEIF HUWOMUHEO.
  3483 | D:5      | 3483 ||| READING scroll labelled HONEMO WOTIFA.
  3484 | D:5      | 3484 ||| DRINKING 2 smoky black potions.
  3492 | Ossuary  | Entered an ossuary
  3674 | Ossuary  | 3674 ||| READING scroll of enchant armour.
  3674 | Ossuary  | 3674 ||| ENCHANTING +0 pair of gloves.
  3711 | Ossuary  | 3711 ||| READING 3 scrolls of identify.
  3711 | Ossuary  | 3711 ||| IDENTIFYING sapphire potion
  3712 | Ossuary  | 3712 ||| READING 2 scrolls of identify.
  3712 | Ossuary  | 3712 ||| IDENTIFYING silvery potion
  3725 | D:5      | 3725 ||| PLANNING D:1-11
  3960 | D:5      | Reached XP level 8. HP: 29/49 MP: 8/8
  4199 | D:5      | 4199 ||| READING 2 scrolls of identify.
  4199 | D:5      | 4199 ||| IDENTIFYING brown potion
  4227 | D:6      | Found Wocvasmeca's Magic Scroll Shop.
  4233 | D:6      | 4233 ||| BUYING scroll of enchant armour (82 gold).
  4233 | D:6      | Bought a scroll of enchant armour for 82 gold pieces
  4233 | D:6      | 4233 ||| SHOPLISTING scroll of enchant armour (82 gold,
                  | have 62).
  4233 | D:6      | 4233 ||| BUYING scroll of identify (22 gold).
  4233 | D:6      | Bought a scroll of identify for 22 gold pieces
  4233 | D:6      | 4233 ||| BUYING scroll of identify (22 gold).
  4233 | D:6      | Bought a scroll of identify for 22 gold pieces
  4233 | D:6      | 4233 ||| SHOPLISTING scroll of identify (22 gold, have 18).
  4233 | D:6      | 4233 ||| SHOPLISTING scroll of teleportation (33 gold, have
                  | 18).
  4233 | D:6      | 4233 ||| READING scroll of enchant armour.
  4233 | D:6      | 4233 ||| ENCHANTING +1 pair of gloves.
  4307 | D:6      | 4307 ||| SWAPPING to +0 orcbow.
  4308 | D:6      | 4308 ||| DROPPING +1 shortbow.
  4314 | D:6      | Noticed Grinder
  4319 | D:6      | Paralysed by Grinder for 3 turns
  4327 | D:6      | Paralysed by Grinder for 5 turns
  4348 | D:6      | Killed Grinder
  4349 | D:6      | Reached skill level 9 in Ranged Weapons
  4383 | D:6      | 4383 ||| DRINKING 7 potions of curing.
  4383 | D:6      | 4383 ||| (to cure confusion)
  4497 | D:6      | Noticed Sigmund
  4505 | D:6      | Killed Sigmund
  4506 | D:6      | Reached skill level 6 in Fighting
  4649 | D:6      | Found Jedgh's CLEARANCE SALE!.
  4659 | D:6      | 4659 ||| BUYING potion of enlightenment (20 gold).
  4659 | D:6      | Bought a potion of enlightenment for 20 gold pieces
  4671 | D:6      | Noticed Edmund
  4691 | D:6      | Noticed Jeremiah
  4693 | D:6      | Killed Edmund
  4694 | D:6      | 4694 ||| FLEEEEING.
  4695 | D:6      | 4695 ||| FLEEEEING.
  4696 | D:6      | 4696 ||| FLEEEEING.
  4697 | D:6      | 4697 ||| FLEEEEING.
  4698 | D:6      | 4698 ||| FLEEEEING.
  4711 | D:6      | 4711 ||| FLEEEEING.
  4712 | D:6      | 4712 ||| FLEEEEING.
  4713 | D:6      | 4713 ||| FLEEEEING.
  4714 | D:6      | 4714 ||| FLEEEEING.
  4726 | D:6      | 4726 ||| FLEEEEING.
  4737 | D:6      | 4737 ||| FLEEEEING.
  4738 | D:6      | 4738 ||| FLEEEEING.
  4745 | D:6      | 4745 ||| STAIRDANCE
  4765 | D:5      | 4765 ||| UPGRADING to +0 cloak.
  4770 | D:5      | 4770 ||| READING 3 scrolls of identify.
  4770 | D:5      | 4770 ||| IDENTIFYING smoky inky potion
  4771 | D:5      | 4771 ||| READING 2 scrolls of identify.
  4771 | D:5      | 4771 ||| IDENTIFYING lumpy clear potion
  4772 | D:5      | 4772 ||| DROPPING potion of lignification.
  4803 | D:6      | Reached skill level 3 in Armour
  4803 | D:6      | Reached XP level 9. HP: 49/56 MP: 9/9
  4828 | D:6      | 4828 ||| FLEEEEING.
  4829 | D:6      | 4829 ||| FLEEEEING.
  4830 | D:6      | 4830 ||| FLEEEEING.
  4831 | D:6      | 4831 ||| FLEEEEING.
  4843 | D:6      | 4843 ||| FLEEEEING.
  4844 | D:6      | 4844 ||| FLEEEEING.
  4845 | D:6      | 4845 ||| FLEEEEING.
  4858 | D:6      | 4858 ||| FLEEEEING.
  4859 | D:6      | 4859 ||| FLEEEEING.
  4860 | D:6      | 4860 ||| FLEEEEING.
  4861 | D:6      | 4861 ||| FLEEEEING.
  4862 | D:6      | 4862 ||| FLEEEEING.
  4863 | D:6      | 4863 ||| FLEEEEING.
  4864 | D:6      | 4864 ||| FLEEEEING.
  4865 | D:6      | 4865 ||| FLEEEEING.
  4866 | D:6      | 4866 ||| FLEEEEING.
  4867 | D:6      | 4867 ||| STAIRDANCE
  4924 | D:6      | 4924 ||| FLEEEEING.
  4925 | D:6      | 4925 ||| STAIRDANCE
  4952 | D:6      | 4952 ||| STAIRDANCE
  4990 | D:6      | 4990 ||| STAIRDANCE
  5069 | D:6      | 5069 ||| STAIRDANCE
  5127 | D:6      | 5127 ||| STAIRDANCE
  5186 | D:6      | 5186 ||| STAIRDANCE
  5232 | D:6      | 5232 ||| STAIRDANCE
  5265 | D:6      | 5265 ||| STAIRDANCE
  5315 | D:6      | 5315 ||| STAIRDANCE
  5374 | D:6      | 5374 ||| STAIRDANCE
  5450 | D:6      | 5450 ||| STAIRDANCE
  5495 | D:6      | 5495 ||| STAIRDANCE
  5595 | D:6      | HP: 12/56 [Jeremiah/divine providence (12)]
  5596 | D:6      | 5596 ||| READING 2 scrolls of teleportation.
  5597 | D:6      | 5597 ||| DRINKING potion of heal wounds.
  5956 | D:6      | Found a runed translucent door.
  5957 | D:6      | Noticed Crazy Yiuf
  5993 | D:7      | Found a staircase to the Ecumenical Temple.
  5994 | D:7      | 5994 ||| PLANNING TEMPLE
  6082 | Temple   | Entered the Ecumenical Temple
  6083 | Temple   | 6083 ||| PLANNING OKAWARU WORSHIP
  6111 | Temple   | Became a worshipper of Warmaster Okawaru
  6112 | Temple   | 6112 ||| PLANNING D:1-11
  6151 | D:7      | Noticed Duvessa
  6151 | D:7      | Noticed Dowan
  6154 | D:7      | 6154 ||| Stepping ~*~*~tactically~*~*~ (retreating).
  6167 | D:7      | HP: 8/56 [Duvessa/+2 short sword of speed (8)]
  6168 | D:7      | 6168 ||| READING scroll of teleportation.
  6168 | D:7      | Slain by Duvessa

Levels and vault maps discovered:
D:1:      spicycebolla_green_bress_n_ham, layout_rooms
D:2:      layout_basic
D:3:      layout_basic, lemuel_doored_altar, serial_shops,
          nicolae_shop_peninsula
D:4:      layout_cave_pods, nicolae_wu_jian_immortal_techniques, serial_shops,
          shop, kennysheep_generic_room_11
D:5:      layout_cave_pools, chequers_ossuary_entry_cave,
          roderic_serpentine_path, uniq_prince_ribbit1
D:6:      layout_basic, serial_shops, shop, nicolae_shop_clearance,
          uniq_grinder, uniq_edmund, uniq_blork_the_orc,
          uniq_crazy_yiuf_cottage, uniq_jeremiah, uniq_sigmund
D:7:      layout_gridville, kiku_gazebo_pond_becter,
          chequers_temple_overflow_statue_of_worship, amcnicky_altar_gilded,
          minmay_temple_entry_drinking_statues, ebering_ghost_rock_garden,
          serial_glass, glass_columns_b, glass_columns_a, glass_columns_a,
          glass_columns_a, glass_columns_c, glass_columns_a, glass_columns_b,
          glass_columns_a, minivault_5, nrook_mini_backslash, uniq_duvessa
Temple:   grunt_temple_mini_profane

Skill      XL: |  1  2  3  4  5  6  7  8 |
---------------+-------------------------+-----
Armour         | 1 2 3 |  3.6
Ranged Weapons | 5 6 7 8 9 |  9.9
Fighting       | 3 4 5 6 |  6.5
Dodging        | 2 |  2.3
Stealth        | |  1.1

Action                     |  1- 3 |  4- 6 |  7- 9 || total
---------------------------+-------+-------+-------++-------
   Fire: Shortbow          |    84 |   212 |   138 ||   434
         Orcbow            |       |       |   177 ||   177
    Use: Scroll            |     2 |    12 |    12 ||    26
         Potion            |       |     1 |     3 ||     4
 Armour: Leather armour    |     3 |       |       ||     3
         Ring mail         |    10 |    83 |   160 ||   253
  Dodge: Dodged            |    14 |    98 |   168 ||   280

Table legend:
 A = Non-vault XP
 B = Vault XP
 C = Vault XP percentage of total XP
 D = Non-vault monster count
 E = Vault monster count
 F = Vault count percentage of total count
                 A         B        C        D         E       F
            +---------+---------+-------+---------+---------+-------
      Total |    1520 |    1021 |  40.2 |     105 |      22 |  17.3
            +---------+---------+-------+---------+---------+-------
        D:1 |      29 |       0 |   0.0 |      18 |       0 |   0.0
        D:2 |      68 |       0 |   0.0 |      16 |       0 |   0.0
        D:3 |     124 |       0 |   0.0 |      19 |       0 |   0.0
        D:4 |     209 |      15 |   6.7 |      21 |       2 |   8.7
        D:5 |     421 |     268 |  38.9 |      16 |       1 |   5.9
        D:6 |     516 |     644 |  55.5 |      14 |       3 |  17.6
        D:7 |     153 |       0 |   0.0 |       1 |       0 |   0.0
    Ossuary |       0 |      94 | 100.0 |       0 |      16 | 100.0
            +---------+---------+-------+---------+---------+-------
